Map: Ulrena

Players

Enigma

  • Race: Zerg Zerg
  • League: Platinum

Wellmet - Winner!

  • Race: Terran Terran
  • League: Platinum

VOD

Have the link to the VOD?

Description

Time

  • Played on: Nov. 11, 2015, 3:21 a.m.
  • Length: 12:08
Show
View Real Time Build Order
Export as new Build Order

Enigma Zerg 

Build Orders: Hatch First 

Get SALT Encoding   

  12  0:01  Drone  
  13  0:09  Drone  
  14  0:18  Overlord  
  14  0:36  Drone x3  
  17  0:57  Hatchery  
  17  0:59  Drone x2  
  18  1:13  Spawning Pool  
  18  1:18  Drone  
  18  1:20  Drone  
  19  1:28  Extractor  
  18  1:37  Drone  
  19  1:41  Drone  
  20  1:53  Drone  
  21  2:08  Queen  
  21  2:10  Overlord  
  21  2:11  Zergling x2  
  21  2:14  Zergling x2  
  24  2:19  Spine Crawler, Zergling x2  
  24  2:22  Queen  
  26  2:23  Overlord  
  26  2:47  Drone x4  
  30  2:52  Drone  
  30  2:55  Metabolic Boost  
  31  3:00  Queen  
  31  3:01  Overlord  
  33  3:06  Drone  
  33  3:08  Drone  
  35  3:14  Drone  
  36  3:20  Drone x4  
  36  3:23  Extractor  
  36  3:26  Drone  
  40  3:34  Baneling Nest, Drone x2  
  41  3:40  Drone x2  
  41  3:41  Drone  
  44  3:46  Drone  
  45  3:50  Overlord  
  45  3:54  Drone  
  45  3:55  Drone x2  
  48  3:56  Drone  
  49  4:04  Zergling x4  
  49  4:05  Spore Crawler  
  49  4:07  Zergling x2  
  51  4:10  Zergling x4  
  52  4:21  Zergling x4  
  52  4:23  Spore Crawler, Zergling x6  
  54  4:36  Zergling x10  
  55  4:46  Zergling x4  
  55  4:52  Zergling x2  
  48  5:01  Zergling x4  
  45  5:09  Queen x2  
  45  5:11  Drone x4  
  53  5:17  Zergling x2  
  54  5:21  Baneling  
  54  5:22  Baneling x4  
  54  5:25  Baneling x4  
  54  5:27  Zergling x4  
  56  5:31  Extractor, Zergling x2  
  56  5:33  Roach Warren  
  56  5:34  Zergling x2  
  52  5:52  Zergling x10  
  52  5:53  Zergling x2  
  57  6:08  Drone x2  
  58  6:17  Baneling x2  
  58  6:24  Drone x2  
  60  6:27  Overlord x2  
  60  6:35  Overlord x2  
  60  6:36  Hatchery  
  60  6:38  Overlord  
  60  6:39  Drone  
  60  6:47  Overlord  
  60  6:50  Overlord x2  
  60  6:51  Hatchery  
  60  6:52  Overlord  
  58  6:55  Drone x2  
  58  6:58  Drone  
  63  7:09  Lair  
  63  7:10  Drone x4  
  65  7:16  Overlord  
  65  7:21  Evolution Chamber, Overlord  
  64  7:23  Evolution Chamber  
  61  7:33  Roach x2  
  65  7:38  Roach  
  65  7:43  Drone  
  68  7:45  Extractor  
  68  7:49  Zerg Ground Armor Level 1, Zerg Melee Weapons Level 1  
  67  7:53  Roach x4  
  67  7:54  Roach x2  
  79  7:59  Extractor  
  78  8:07  Drone  
  78  8:08  Drone  
  78  8:09  Drone x5, Spire  
  84  8:16  Glial Reconstitution  
  84  8:17  Roach x2  
  84  8:18  Roach, Queen  
  93  8:21  Drone x2  
  93  8:26  Baneling x5  
  95  8:28  Centrifical Hooks  
  95  8:41  Zergling x2  
  95  8:42  Zergling x14  
  103  8:51  Zergling x4  
  103  8:52  Zergling x10  
  109  8:58  Hatchery  
  109  9:01  Zergling x2  
  109  9:02  Zergling x10  
  112  9:09  Extractor  
  111  9:10  Spore Crawler  
  111  9:12  Spore Crawler  
  111  9:13  Zergling x2  
  111  9:14  Zergling x6  
  110  9:27  Drone x2  
  110  9:28  Drone x6  
  116  9:36  Drone x3  
  120  9:38  Roach  
  120  9:39  Queen  
  120  9:41  Overlord  
  122  9:46  Drone x2, Spine Crawler  
  122  9:50  Hatchery  
  122  9:52  Overlord  
  122  9:56  Zergling x2  
  123  10:01  Baneling x2  
  123  10:02  Baneling x5  
  123  10:06  Hatchery  
  122  10:10  Drone x5  
  122  10:11  Drone x3  
  130  10:16  Drone x4  
  95  10:30  Zergling x14  
  95  10:31  Baneling x2  
  91  10:36  Zergling x4  
  91  10:39  Zergling x2  
  94  10:46  Zergling x4  
  94  10:47  Zergling x2  
  94  10:49  Roach  
  99  10:55  Roach x3  
  105  10:57  Spore Crawler x2  
  105  11:00  Roach  
  105  11:06  Roach x6  
  105  11:07  Infestation Pit, Roach x2, Zergling x6  
  123  11:16  Roach x4  
  131  11:19  Baneling x8  
  131  11:20  Baneling x2  
  131  11:23  Zergling x6  
  102  11:41  Zergling x16  
  102  11:42  Zergling x16  
  90  11:48  Zergling x4  
  90  11:49  Zergling x2  
  90  11:51  Zergling x4  
Show
View Real Time Build Order
Export as new Build Order

Wellmet Terran - Winner!

Build Orders: Reaper Expand, Bio Tank, MMM Bio 

Get SALT Encoding   

  12  0:01  SCV  
  13  0:13  SCV  
  14  0:18  Supply Depot  
  14  0:25  SCV  
  15  0:39  SCV  
  15  0:41  Barracks  
  16  0:45  Refinery  
  16  0:51  SCV  
  17  1:04  SCV  
  18  1:16  SCV  
  19  1:28  Orbital Command  
  19  1:30  Reaper  
  20  1:46  Command Center  
  20  1:54  SCV  
  20  2:00  Supply Depot  
  21  2:06  Factory  
  21  2:08  Marine  
  22  2:10  SCV  
  23  2:24  SCV  
  23  2:25  Refinery  
  24  2:42  Barracks Reactor  
  24  2:44  SCV  
  25  2:56  SCV  
  25  2:57  Command Center  
  26  2:59  Starport  
  26  3:03  Factory Tech Lab  
  26  3:12  Orbital Command  
  25  3:14  SCV  
  25  3:19  Marine x2  
  28  3:28  Siege Tank  
  28  3:31  SCV  
  32  3:37  Marine x2  
  32  3:40  SCV  
  35  3:45  SCV  
  35  3:48  Medivac  
  38  3:52  SCV  
  39  3:56  Marine x2  
  39  3:57  SCV  
  42  4:09  Siege Tank  
  45  4:11  Supply Depot, SCV  
  45  4:12  SCV  
  45  4:15  Orbital Command  
  47  4:20  Marine x2  
  49  4:28  Medivac  
  49  4:41  SCV  
  49  4:45  Marine  
  49  4:46  Marine  
  49  4:50  SCV  
  47  4:58  Refinery, Barracks x2, Medivac  
  47  4:59  Supply Depot  
  49  5:00  Engineering Bay x2  
  49  5:04  Factory Tech Lab  
  49  5:07  Orbital Command  
  42  5:09  Marine x2  
  43  5:15  SCV x2  
  43  5:17  Liberator  
  45  5:22  Bunker  
  45  5:27  SCV x2  
  47  5:28  Marine x2  
  47  5:31  Siege Tank  
  55  5:37  SCV  
  55  5:40  Refinery  
  48  5:50  SCV  
  48  5:51  SCV  
  48  5:52  Marine x2  
  48  5:55  Barracks Tech Lab  
  49  5:57  Barracks Tech Lab  
  49  6:01  SCV  
  49  6:03  SCV  
  44  6:11  SCV  
  44  6:12  Marine  
  44  6:13  SCV, Marine  
  47  6:25  SCV x2  
  52  6:29  Marine x2  
  52  6:31  Marine  
  55  6:38  SCV  
  59  6:43  Stimpack  
  59  6:44  SCV x2  
  61  6:50  SCV  
  62  6:56  SCV x2  
  58  7:01  Marine  
  58  7:02  SCV, Marine x2  
  58  7:03  Combat Shields  
  58  7:04  Terran Infantry Weapons Level 1, Terran Infantry Armor Level 1  
  58  7:08  SCV x2  
  63  7:09  Marine  
  63  7:12  Barracks  
  63  7:13  Barracks  
  63  7:15  SCV  
  66  7:20  SCV x2  
  66  7:21  Supply Depot, Marine x2  
  70  7:27  SCV, Marine  
  69  7:32  SCV  
  69  7:33  SCV  
  71  7:41  SCV  
  71  7:42  Marine x2  
  74  7:44  SCV  
  74  7:46  SCV  
  74  7:51  Marine x2  
  78  7:53  SCV  
  78  7:56  SCV  
  78  7:58  SCV  
  81  8:02  Marine  
  81  8:03  Barracks Reactor x2  
  82  8:05  SCV  
  82  8:08  SCV  
  82  8:10  SCV, Armory  
  85  8:19  Bunker  
  85  8:20  Supply Depot  
  85  8:24  Supply Depot  
  85  8:34  Factory Tech Lab  
  85  8:35  Starport Reactor  
  85  8:39  Supply Depot  
  85  8:41  Marine x4  
  85  8:42  SCV x3, Marine  
  85  8:45  Supply Depot, Marine x2  
  85  8:48  Supply Depot, Barracks  
  95  8:49  Supply Depot, Barracks  
  95  8:52  Marine  
  95  8:54  SCV x2, Liberator x2  
  98  8:58  Siege Tank  
  98  8:59  Marine x3  
  98  9:01  SCV  
  96  9:04  Marine x3  
  99  9:13  Marine  
  99  9:14  Marine  
  107  9:19  Terran Infantry Weapons Level 2  
  107  9:23  Marine  
  105  9:24  Refinery  
  105  9:30  Siege Tank, Marine  
  105  9:31  Marine  
  109  9:33  Marine x2  
  109  9:36  Marine  
  113  9:40  Barracks Reactor  
  113  9:41  Barracks Reactor  
  113  9:44  Marine x2  
  114  9:50  Supply Depot, Marine x2  
  114  9:52  Supply Depot, Refinery  
  116  9:58  Missile Turret  
  116  9:59  Marine  
  116  10:00  Marine x2  
  116  10:02  Siege Tank  
  122  10:11  Marine  
  122  10:12  Marine x2  
  125  10:17  Liberator  
  120  10:24  Marine x9  
  117  10:28  SCV x2  
  117  10:29  Marine x2  
  117  10:30  Marine  
  117  10:34  Liberator  
  117  10:35  Siege Tank  
  127  10:42  Marine x3  
  130  10:48  Marine x2  
  132  10:56  Command Center  
  135  10:58  Marauder  
  135  10:59  Supply Depot, Marauder  
  135  11:00  Liberator  
  135  11:02  Marine  
  140  11:05  Command Center  
  139  11:14  Marine x2  
  144  11:20  Siege Tank, Marine  
  144  11:21  Marine  
  149  11:27  Marine x2  
  149  11:33  Marine x2  
  149  11:34  Marauder x2, Marine x2  
  137  11:55  Supply Depot  
  137  11:56  Supply Depot  
Tags
 
Add a new tag
Caveats
  • Supply blocks, unpowered buildings, or Contaminate may cause inaccurate times.
  • Supply counts are checked every 10 seconds.